 Dungeon Crawl Stone Soup version 0.25-a0-942-g87a53962fc (webtiles) character file.

Game seed: 3420687372996895964, levelgen mode: deterministic

669 MisterFreud the Skirmisher (level 7, 0/60 HPs)
             Began as a Gnoll Abyssal Knight on May 7, 2020.
             Was an Elder of Lugonu.
             Slain by a two-headed ogre
             ... wielding a +0 giant club
              (17 damage)
             ... on level 4 of the Dungeon.
             The game lasted 00:08:21 (4757 turns).

MisterFreud the Skirmisher (Gnoll Abyssal Knight)   Turns: 4757, Time: 00:08:22

Health: 0/60       AC: 12    Str: 14    XL:     7   Next: 58%
Magic:  11/11      EV: 12    Int: 16    God:    Lugonu [****..]
Gold:   209        SH:  0    Dex: 15    Spells: 11/11 levels left

rFire    + . .     SeeInvis .   h - +2 dagger (drain)
rCold    . . .     Gourm    .   (no shield)
rNeg     . . .     Faith    .   C - +0 ring mail {rF+}
rPois    .         Spirit   .   z - +0 helmet
rElec    .         Reflect  .   B - scarf {cloud immunity}
rCorr    .         Harm     .   (no gloves)
MR       +....                  E - +0 pair of boots {Fly}
Stlth    ++........             (no amulet)
HPRegen  0.20/turn              A - ring of protection from magic
MPRegen  0.12/turn              t - +4 ring of protection

@: lethally poisoned (0 -> -3), flying
A: distributed training, fangs 1, strong nose
a: Depart the Abyss, Bend Space, Banish, Corrupt, Renounce Religion, Stop Flying


You were on level 4 of the Dungeon.
You worshipped Lugonu.
Lugonu was greatly pleased with you.
You were not hungry.

You visited 1 branch of the dungeon, and saw 4 of its levels.
You visited the Abyss 1 time.
You also visited: Ossuary.

You collected 209 gold pieces.

Inventory:

Hand Weapons
 a - a +1 short sword
 h - a +2 dagger of draining (weapon)
Missiles
 e - 56 sling bullets
 f - 158 stones (quivered)
 u - 7 boomerangs
 x - 6 javelins
Armour
 b - a +0 leather armour
 z - a +0 helmet (worn)
 B - a scarf of cloud immunity (worn)
 C - a +0 ring mail of fire resistance (worn)
 E - a +0 pair of boots of flying (worn)
Jewellery
 n - an uncursed ring of protection from cold
 t - a +4 ring of protection (right hand)
 A - a ring of protection from magic (left hand)
Wands
 y - a wand of polymorph (6)
Scrolls
 d - 2 scrolls of fear
 g - 3 scrolls of enchant weapon
 j - a scroll of enchant armour {unknown}
 k - a scroll of fog {unknown}
 m - a scroll of random uselessness {unknown}
 p - a scroll of amnesia {unknown}
 q - a scroll of teleportation {unknown}
 w - 2 scrolls of identify {unknown}
Potions
 i - a potion of flight {unknown}
 l - 4 potions of curing {unknown}
 o - 2 potions of heal wounds {unknown}
 r - 4 potions of haste {unknown}
 s - a potion of degeneration {unknown}
 v - a potion of stabbing {unknown}
 D - a potion of resistance {unknown}
Comestibles
 c - 10 rations


   Skills:
 + Level 7.0 Fighting
 + Level 5.2 Short Blades
 + Level 2.5 Long Blades
 + Level 2.5 Axes
 + Level 2.5 Maces & Flails
 + Level 2.5 Polearms
 + Level 2.5 Staves
 + Level 2.5 Slings
 + Level 2.5 Bows
 + Level 2.5 Crossbows
 + Level 2.5 Throwing
 + Level 5.2 Armour
 + Level 3.6 Dodging
 + Level 2.5 Stealth
 + Level 2.5 Shields
 + Level 2.5 Unarmed Combat
 + Level 2.5 Spellcasting
 + Level 2.0 Conjurations
 + Level 2.0 Hexes
 + Level 2.0 Charms
 + Level 2.0 Summonings
 + Level 2.0 Necromancy
 + Level 2.0 Translocations
 + Level 2.0 Transmutations
 + Level 2.0 Fire Magic
 + Level 2.0 Ice Magic
 + Level 2.0 Air Magic
 + Level 2.0 Earth Magic
 + Level 2.0 Poison Magic
 + Level 5.4 Invocations
 + Level 2.5 Evocations


You had 11 spell levels left.
You didn't know any spells.
Your spell library was empty.

Dungeon Overview and Level Annotations

Branches:
Dungeon (4/15)            Ossuary (visited)
 Temple: D:4-7

Altars:
Gozag

Shops:
D:4 [

Annotations:
D:2 2 transporters


Innate Abilities, Weirdness & Mutations

Your experience applies equally to all skills.
You have very sharp teeth.
Your uncanny sense of smell can sniff out nearby items.


Message History

You hit the two-headed ogre. You drain the two-headed ogre.
The two-headed ogre is lightly wounded.
The two-headed ogre hits you with a +0 giant club!!
The two-headed ogre hits you with a +0 giant club!
You barely miss the two-headed ogre.
The two-headed ogre is lightly wounded.
You hit the two-headed ogre. You drain the two-headed ogre.
The two-headed ogre is moderately wounded.
The scorpion stings you.
You are poisoned.
The scorpion poisons you!
The two-headed ogre hits you with a +0 giant club!
The two-headed ogre closely misses you.
You feel sick.
You feel sick.
You feel sick.
A quokka comes into view.
You feel sick.
The two-headed ogre hits you with a +0 giant club!
You die...

*,#...#.$#......##
***,#.......#..#...### *
*,,......#?...##.....# **
**,.....###...#......### *,
**#......##...........## *,
*,...,*#..#............#******,
****#.,,.#.#...............,*,**,
*,*,.,,,...#...sO..........,,,*,,
*,*,,,,,......r.@.......##.,,,,,,
,,,,,,,*#....#..#.........,*,,,,,
,,,,,,,*#..................*,,,,,
,,,,,,,....#....#..........,,,,,,
,,,,,,,.####....#.#<...##..,,,,,,
,,,,,,,.#..#......##....#,,**,,,,
,,,,,,,...........#......,,**,,,,
,,..,,**##.#........#...,,,,,,,,,
,.....* #.........$#,,**,,,,,,,,


You could see a two-headed ogre, a scorpion and a quokka.

Vanquished Creatures
  2 elf zombies (Ossuary)
  3 orc priests
  2 orc wizards
  An iguana (D:4)
  A worker ant (D:4)
  2 big kobold zombies (Ossuary)
  2 mummies (Ossuary)
  Robin (D:3)
  3 gnolls (D:3)
  7 adders
  An ooze (D:1)
  3 worms
  A dart slug (D:2)
  A leopard gecko (D:2)
  20 orcs
  A ball python (D:3)
  6 giant cockroaches
  15 goblins
  13 hobgoblins
  10 jackals
  8 kobolds
  2 quokkas
  10 bats
  6 frilled lizards
  A goblin zombie (Ossuary)
  11 hobgoblin zombies (Ossuary)
  2 jackal zombies (Ossuary)
  11 kobold zombies (Ossuary)
  5 orc zombies (Ossuary)
  5 rats
  2 rat zombies (Ossuary)
158 creatures vanquished.

Notes
Turn   | Place    | Note
-------+----------+-------------------------------------------
     0 | Abyss:1  | MisterFreud the Gnoll Abyssal Knight began the quest for
                  | the Orb.
     0 | Abyss:1  | Reached XP level 1. HP: 23/23 MP: 3/3
    12 | D:1      | Escaped the Abyss
    55 | D:1      | Reached XP level 2. HP: 21/29 MP: 5/5
   429 | D:1      | Reached XP level 3. HP: 34/35 MP: 6/6
   640 | D:1      | Reached ** piety under Lugonu
  1129 | D:2      | Reached skill level 1 in Long Blades
  1129 | D:2      | Reached skill level 1 in Axes
  1129 | D:2      | Reached skill level 1 in Maces & Flails
  1129 | D:2      | Reached skill level 1 in Polearms
  1129 | D:2      | Reached skill level 1 in Staves
  1129 | D:2      | Reached skill level 1 in Slings
  1129 | D:2      | Reached skill level 1 in Bows
  1129 | D:2      | Reached skill level 1 in Crossbows
  1129 | D:2      | Reached skill level 1 in Throwing
  1129 | D:2      | Reached skill level 1 in Stealth
  1129 | D:2      | Reached skill level 1 in Shields
  1129 | D:2      | Reached skill level 1 in Unarmed Combat
  1129 | D:2      | Reached skill level 1 in Spellcasting
  1129 | D:2      | Reached skill level 1 in Evocations
  1365 | D:2      | Reached XP level 4. HP: 41/41 MP: 7/7
  1385 | D:2      | Noticed a sky beast
  1403 | D:2      | Found an opulent altar of Gozag.
  1403 | D:2      | Found a transporter.
  1410 | D:2      | Found a transporter.
  1713 | D:2      | Reached skill level 1 in Conjurations
  1713 | D:2      | Reached skill level 1 in Hexes
  1713 | D:2      | Reached skill level 1 in Charms
  1713 | D:2      | Reached skill level 1 in Summonings
  1713 | D:2      | Reached skill level 1 in Necromancy
  1713 | D:2      | Reached skill level 1 in Translocations
  1713 | D:2      | Reached skill level 1 in Transmutations
  1713 | D:2      | Reached skill level 1 in Fire Magic
  1713 | D:2      | Reached skill level 1 in Ice Magic
  1713 | D:2      | Reached skill level 1 in Air Magic
  1713 | D:2      | Reached skill level 1 in Earth Magic
  1713 | D:2      | Reached skill level 1 in Poison Magic
  1964 | D:2      | Reached XP level 5. HP: 47/47 MP: 8/8
  2344 | D:3      | Reached *** piety under Lugonu
  2858 | D:3      | Reached XP level 6. HP: 51/53 MP: 9/9
  2864 | D:3      | Reached skill level 5 in Invocations
  2891 | D:3      | Noticed Robin
  2917 | D:3      | Killed Robin
  3325 | D:3      | Reached skill level 5 in Short Blades
  3325 | D:3      | Reached skill level 5 in Armour
  3513 | D:4      | Reached **** piety under Lugonu
  3539 | D:4      | Reached XP level 7. HP: 14/59 MP: 10/10
  3576 | D:4      | Found Zuituq's Antique Armour Emporium.
  3589 | D:4      | Found a sand-covered staircase.
  3598 | Ossuary  | Entered an ossuary
  4199 | Ossuary  | Reached skill level 7 in Fighting
  4747 | D:4      | Noticed a two-headed ogre
  4757 | D:4      | Slain by a two-headed ogre

Levels and vault maps discovered:
D:1:      dpeg_arrival_tiny_g, layout_loops_ring, st_stairs_5,
          corexii_leaking_fountain
D:2:      layout_basic, gammafunk_temple_overflow_arena, minmay_heptomino_d4
D:3:      layout_rooms, first_ration, uniq_robin
D:4:      layout_cave_pools, regret_index_temple_of_mockery,
          nicolae_overflow_hidden_temple, serial_shops, shop, enter_ossuary_1,
          minmay_misc_feat_cross

Skill      XL: |  1  2  3  4  5  6  7 |
---------------+----------------------+-----
Long Blades    | 1 2 |  2.5
Axes           | 1 2 |  2.5
Maces & Flails | 1 2 |  2.5
Polearms       | 1 2 |  2.5
Staves         | 1 2 |  2.5
Slings         | 1 2 |  2.5
Bows           | 1 2 |  2.5
Crossbows      | 1 2 |  2.5
Throwing       | 1 2 |  2.5
Stealth        | 1 2 |  2.5
Shields        | 1 2 |  2.5
Unarmed Combat | 1 2 |  2.5
Spellcasting   | 1 2 |  2.5
Evocations     | 1 2 |  2.5
Conjurations   | 1 2 |  2.0
Hexes          | 1 2 |  2.0
Charms         | 1 2 |  2.0
Summonings     | 1 2 |  2.0
Necromancy     | 1 2 |  2.0
Translocations | 1 2 |  2.0
Transmutations | 1 2 |  2.0
Fire Magic     | 1 2 |  2.0
Ice Magic      | 1 2 |  2.0
Air Magic      | 1 2 |  2.0
Earth Magic    | 1 2 |  2.0
Poison Magic   | 1 2 |  2.0
Dodging        | 3 |  3.6
Invocations    | 5 |  5.4
Short Blades   | 5 |  5.2
Armour         | 5 |  5.2
Fighting       | 7 |  7.0

Action                   |  1- 3 |  4- 6 |  7- 9 || total
-------------------------+-------+-------+-------++-------
Melee: Short sword       |    31 |       |       ||    31
       Bite              |    11 |    31 |    38 ||    80
       Dagger            |    74 |   264 |   282 ||   620
       Punch             |       |     4 |     3 ||     7
  Use: Scroll            |       |     2 |     1 ||     3
 Stab: Sleeping          |     2 |     2 |       ||     4
  Eat: Chunk             |     1 |     7 |     1 ||     9
       Ration            |       |       |     1 ||     1
Armor: Leather armour    |    25 |    33 |       ||    58
       Ring mail         |       |    22 |    83 ||   105
Dodge: Dodged            |    46 |   144 |   127 ||   317

Table legend:
 A = Non-vault XP
 B = Vault XP
 C = Vault XP percentage of total XP
 D = Non-vault monster count
 E = Vault monster count
 F = Vault count percentage of total count
                 A         B        C        D         E       F
            +---------+---------+-------+---------+---------+-------
      Total |     593 |     363 |  38.0 |     102 |      56 |  35.4
            +---------+---------+-------+---------+---------+-------
        D:1 |      54 |       5 |   8.5 |      28 |       3 |   9.7
        D:2 |     112 |       6 |   5.1 |      26 |       3 |  10.3
        D:3 |     245 |      37 |  13.1 |      34 |      12 |  26.1
        D:4 |     182 |       0 |   0.0 |      14 |       0 |   0.0
    Ossuary |       0 |     315 | 100.0 |       0 |      38 | 100.0
            +---------+---------+-------+---------+---------+-------
